Map: 强酸工厂 - 天梯版

Players

Lambo - Winner!

  • Race: Zerg Zerg
  • Spawn Location: 5:00

TIME (Oliveira)

  • Race: Terran Terran
  • Spawn Location: 11:00

Event: WCS Montreal 2018

VOD

Have the link to the VOD?

Description

Time

  • Played on: Sept. 7, 2018, 7:09 p.m.
  • Length: 11:48

All games in this series

Show
View Real Time Build Order
Export as new Build Order

Lambo Zerg - Winner!

Build Orders: Hatch First 

Get SALT Encoding   

  12  0:00  Drone  
  13  0:12  Overlord  
  13  0:20  Drone  
  14  0:31  Drone x2  
  16  0:48  Hatchery  
  15  0:51  Drone  
  15  0:55  Drone  
  17  0:58  Drone  
  18  1:09  Extractor  
  17  1:13  Spawning Pool  
  17  1:17  Drone  
  17  1:20  Drone  
  18  1:28  Drone  
  19  1:38  Drone  
  20  1:50  Drone  
  21  2:00  Queen x2  
  26  2:01  Zergling x4  
  27  2:14  Hatchery  
  26  2:19  Overlord  
  26  2:21  Drone  
  27  2:24  Drone  
  28  2:35  Metabolic Boost  
  28  2:37  Drone x2  
  28  2:44  Drone  
  31  2:46  Queen  
  33  2:54  Overlord  
  33  2:55  Drone  
  33  2:57  Drone  
  35  3:01  Drone  
  36  3:14  Drone x5  
  41  3:21  Queen  
  41  3:26  Drone  
  44  3:27  Queen  
  44  3:29  Overlord  
  44  3:32  Overlord  
  44  3:33  Drone  
  47  3:39  Queen  
  49  3:44  Drone  
  50  3:50  Zergling x8  
  50  3:52  Overlord  
  50  3:54  Drone x2  
  56  3:56  Drone  
  56  4:00  Drone x2  
  56  4:01  Drone  
  60  4:06  Spore Crawler, Drone  
  60  4:08  Drone  
  60  4:09  Zergling x2  
  62  4:16  Overlord  
  62  4:17  Drone x2  
  62  4:21  Drone x2  
  66  4:24  Baneling Nest  
  66  4:26  Lair  
  66  4:29  Extractor  
  66  4:30  Extractor, Drone x2  
  65  4:32  Zergling x2  
  65  4:35  Drone  
  65  4:36  Drone x2  
  69  4:41  Drone x2  
  69  4:43  Drone x3  
  74  4:48  Overlord  
  74  4:51  Overlord  
  73  5:01  Overlord  
  73  5:04  Overlord  
  73  5:06  Overlord, Queen  
  75  5:07  Drone x4  
  75  5:08  Drone x2  
  75  5:12  Zergling x6  
  84  5:17  Zergling x6  
  84  5:20  Drone x3  
  90  5:22  Extractor  
  88  5:28  Zergling x4  
  78  5:36  Drone x8  
  73  5:47  Drone x3  
  75  5:51  Evolution Chamber  
  75  5:52  Drone  
  75  5:53  Evolution Chamber  
  75  5:54  Overseer  
  75  5:55  Centrifical Hooks, Drone  
  75  6:00  Drone  
  76  6:05  Drone  
  76  6:07  Drone  
  76  6:10  Drone  
  79  6:11  Extractor  
  79  6:13  Hatchery  
  79  6:14  Drone x3  
  79  6:17  Drone  
  81  6:20  Drone  
  81  6:21  Hydralisk Den  
  81  6:24  Drone x3  
  84  6:26  Zerg Melee Weapons Level 1, Zerg Ground Armor Level 1  
  84  6:28  Drone  
  84  6:30  Zergling x4  
  87  6:38  Zergling x8  
  91  6:40  Baneling x6  
  91  6:47  Zergling x4  
  91  6:48  Baneling x2  
  91  6:50  Zergling x2  
  91  6:51  Zergling x6  
  91  6:53  Grooved Spines  
  97  6:58  Zergling x8  
  101  7:02  Drone  
  101  7:07  Hydralisk x3  
  108  7:12  Baneling x2  
  108  7:13  Drone  
  108  7:14  Drone x2, Queen  
  113  7:19  Zergling x2  
  112  7:24  Zergling x6  
  112  7:27  Baneling x2  
  112  7:28  Zergling x10  
  116  7:36  Zergling x10  
  119  7:38  Zergling x2  
  119  7:44  Infestation Pit  
  119  7:45  Spore Crawler  
  119  7:48  Overlord x2  
  117  7:51  Overlord  
  117  7:54  Overlord, Hydralisk  
  117  8:03  Hydralisk  
  117  8:05  Muscular Augments  
  119  8:06  Overlord  
  119  8:10  Overlord x2  
  119  8:11  Hydralisk x2, Pneumatized Carapace  
  119  8:12  Hydralisk x2  
  127  8:14  Zergling x16  
  127  8:16  Baneling x4  
  127  8:19  Drone x4  
  139  8:23  Zerg Ground Armor Level 2, Hatchery  
  138  8:29  Drone, Hive  
  138  8:30  Extractor  
  138  8:31  Zergling x2  
  139  8:34  Zerg Missile Weapons Level 1  
  139  8:40  Zergling x14  
  145  8:47  Zergling x12  
  151  8:55  Extractor, Drone  
  151  8:56  Drone  
  151  8:59  Zergling x18  
  151  9:00  Zergling x2  
  151  9:01  Overlord  
  160  9:06  Baneling x4  
  160  9:07  Hydralisk  
  160  9:08  Hydralisk  
  159  9:17  Zergling x10  
  159  9:19  Baneling x5  
  159  9:21  Hatchery, Zergling x2  
  164  9:24  Baneling x3  
  164  9:26  Queen  
  164  9:28  Hydralisk  
  168  9:32  Hydralisk x3  
  174  9:41  Adrenal Glands  
  174  9:42  Viper  
  174  9:44  Overlord, Viper  
  180  9:49  Zergling x8  
  182  9:57  Viper  
  183  10:01  Overlord  
  183  10:03  Spore Crawler  
  183  10:04  Overlord  
  183  10:05  Overlord  
  182  10:09  Overlord  
  182  10:13  Overseer  
  182  10:15  Zergling x18, Ultralisk Cavern  
  182  10:16  Baneling x2  
  182  10:17  Overlord x2  
  190  10:26  Overlord  
  188  10:29  Baneling x4  
  188  10:30  Zergling x2  
  188  10:31  Zergling x14  
  188  10:33  Zergling x4  
  192  10:38  Zergling x8  
  192  10:40  Zergling x6  
  190  10:43  Baneling x4  
  190  10:45  Baneling x6  
  190  10:48  Zergling x8  
  190  10:55  Zergling x14  
  181  11:00  Zergling x4  
  157  11:22  Hydralisk x3  
  157  11:23  Hatchery  
  144  11:25  Zergling x4  
Show
View Real Time Build Order
Export as new Build Order

TIME Terran 

Build Orders: Liberator Opening, Reaper Expand, MMM Bio 

Get SALT Encoding   

  12  0:00  SCV  
  13  0:13  SCV  
  14  0:17  Supply Depot  
  14  0:25  SCV  
  15  0:39  SCV  
  15  0:41  Barracks  
  16  0:45  Refinery  
  16  0:51  SCV  
  17  1:03  SCV  
  18  1:15  SCV  
  19  1:29  Orbital Command, Reaper  
  20  1:40  Command Center  
  20  1:48  Supply Depot  
  20  1:55  SCV  
  20  2:00  Marine  
  22  2:07  SCV  
  23  2:09  Factory  
  23  2:12  Refinery  
  23  2:19  SCV  
  24  2:22  Barracks Reactor  
  24  2:32  SCV  
  25  2:44  SCV  
  26  2:52  Orbital Command  
  26  2:54  Starport  
  26  2:57  SCV  
  27  3:02  Hellion  
  27  3:04  Barracks Tech Lab, Hellion  
  31  3:09  SCV  
  32  3:19  SCV  
  33  3:23  SCV  
  33  3:24  Hellion  
  33  3:25  Hellion  
  38  3:31  Supply Depot, Viking  
  38  3:33  SCV  
  41  3:35  SCV  
  42  3:44  Liberator  
  42  3:45  SCV, Hellion  
  42  3:47  SCV  
  46  3:49  Supply Depot  
  46  3:53  Hellion  
  48  3:57  SCV  
  48  4:00  SCV  
  53  4:10  Cyclone  
  53  4:14  Cyclone, SCV x2  
  61  4:18  Supply Depot  
  61  4:26  SCV  
  61  4:30  Command Center  
  62  4:35  Stimpack  
  62  4:39  Marine  
  62  4:40  SCV x2  
  62  4:44  Supply Depot  
  65  4:49  Barracks  
  65  4:50  Starport Reactor  
  65  4:51  Barracks  
  65  4:52  SCV  
  66  4:54  SCV, Factory Tech Lab  
  66  4:58  Marine  
  68  5:04  SCV  
  68  5:06  Supply Depot  
  69  5:07  Engineering Bay  
  69  5:08  Engineering Bay  
  69  5:11  Refinery x2  
  69  5:16  Marine  
  69  5:29  SCV  
  69  5:32  SCV  
  69  5:34  Marine  
  68  5:42  Marine x2  
  54  5:44  Siege Tank  
  54  5:45  SCV  
  54  5:46  Terran Infantry Weapons Level 1  
  54  5:49  Marine x2  
  57  5:51  Starport Reactor, Terran Infantry Armor Level 1, SCV  
  57  5:52  Orbital Command  
  57  5:55  Marine  
  59  5:57  SCV  
  59  6:00  Barracks x2, Marine x2  
  59  6:03  SCV  
  63  6:06  Marine  
  63  6:07  Marine  
  63  6:09  SCV  
  66  6:15  SCV, Marine  
  66  6:16  Orbital Command  
  66  6:18  Marine  
  73  6:24  SCV  
  73  6:25  Marine  
  74  6:26  Armory, Supply Depot, Marine x2  
  74  6:31  Medivac x2  
  77  6:33  SCV, Marine  
  77  6:36  Combat Shield, SCV, Marine  
  77  6:39  Siege Tank  
  84  6:42  SCV  
  84  6:43  Marine  
  84  6:44  Marine  
  84  6:45  SCV  
  84  6:46  Marine  
  89  6:48  Supply Depot  
  89  6:52  Barracks Reactor x2  
  89  6:54  SCV x2  
  89  6:55  Marine  
  89  6:57  SCV, Marine  
  89  7:00  Marine  
  95  7:04  Supply Depot  
  95  7:06  SCV x2  
  95  7:07  Marine, Barracks  
  95  7:08  Marine  
  99  7:09  Barracks  
  99  7:10  SCV  
  99  7:13  Marine  
  101  7:18  SCV, Marine  
  101  7:20  Siege Tank  
  106  7:26  Supply Depot, Marine x2  
  106  7:29  SCV  
  100  7:33  Marine x2  
  100  7:36  SCV, Marine  
  100  7:37  SCV  
  102  7:39  Marine x2  
  102  7:40  Medivac x2  
  105  7:45  Terran Infantry Weapons Level 2, Marine x2  
  105  7:47  Supply Depot, Terran Infantry Armor Level 2  
  105  7:49  Supply Depot, Marine  
  108  7:58  Marine x2  
  108  7:59  Barracks Tech Lab x2  
  108  8:00  Marine x2  
  108  8:02  SCV  
  108  8:04  Marine x4  
  117  8:05  Siege Tank  
  117  8:09  Marine  
  117  8:11  Supply Depot  
  117  8:12  Concussive Shells  
  121  8:16  SCV  
  122  8:20  Marauder, Marine  
  122  8:23  Marauder, Marine x4  
  122  8:24  Marauder, Marine  
  134  8:27  Supply Depot  
  134  8:36  Marine  
  134  8:37  Marine  
  134  8:38  Marine  
  137  8:42  Marauder  
  137  8:44  Marauder  
  137  8:45  Marauder  
  137  8:46  Marine x4  
  137  8:47  Supply Depot x2  
  147  8:55  Siege Tank  
  150  8:57  Medivac x2  
  150  9:00  Marine  
  154  9:03  Marauder  
  154  9:05  Marauder, Marine  
  154  9:06  Marine x2  
  154  9:07  Marauder, Marine x2  
  159  9:11  Supply Depot  
  159  9:13  Supply Depot  
  159  9:19  Marine x2, Command Center  
  159  9:22  Marine  
  162  9:24  Marauder  
  162  9:25  Marine  
  162  9:27  Marauder, SCV  
  162  9:29  Sensor Tower  
  167  9:33  Marauder, Marine x4  
  167  9:37  SCV  
  170  9:39  Refinery  
  170  9:40  Marine x2  
  170  9:41  Refinery, Marine  
  170  9:45  Siege Tank, Marine  
  176  9:46  Marauder  
  176  9:51  Medivac x2  
  183  9:57  Sensor Tower  
  183  9:58  SCV, Marine  
  177  10:03  Supply Depot x2  
  177  10:11  Marine x2  
  177  10:12  Marauder  
  181  10:15  Marine  
  181  10:16  Marauder, Marine  
  181  10:20  Marauder, Marine  
  188  10:22  Marine  
  188  10:24  Marine  
  188  10:26  Siege Tank  
  193  10:33  Marauder  
  175  10:36  Marine x3  
  175  10:37  Marauder  
  177  10:45  Marine x2  
  177  10:46  Marauder  
  177  10:47  Medivac x2  
  185  10:52  Marine  
  185  10:53  Marine  
  185  10:54  Marauder  
  185  11:00  Marine  
  135  11:04  Marine x3  
  135  11:05  Marine  
  135  11:07  Siege Tank  
  135  11:10  Marine x2  
  130  11:11  Marine  
  130  11:14  SCV  
  107  11:37  Unknown x4  
Tags
 
Add a new tag
Caveats
  • Supply blocks, unpowered buildings, or Contaminate may cause inaccurate times.
  • Supply counts are checked every 10 seconds.